 Dungeon Crawl Stone Soup version 0.24-a0-70-gf44d0c5 (webtiles) character file.

Game seed: 4254125755070993893

86 galech the Skirmisher (level 4, -2/36 HPs)
             Began as a Demonspawn Fighter on Feb 6, 2019.
             Slain by a gnoll
             ... wielding a +0 flail
              (11 damage)
             ... on level 2 of the Dungeon.
             The game lasted 00:01:19 (929 turns).

galech the Skirmisher (Demonspawn Fighter)           Turns: 929, Time: 00:01:19

Health: -2/36      AC:  6    Str: 17    XL:     4   Next: 27%
Magic:  4/4        EV:  7    Int:  9    God:
Gold:   95         SH:  9    Dex: 13    Spells: 3/3 levels left

rFire    + . .     SeeInvis .   a - +0 war axe
rCold    . . .     Gourm    .   c - +0 shield
rNeg     . . .     Faith    .   b - +0 scale mail
rPois    .         Spirit   .   (no helmet)
rElec    .         Reflect  .   g - scarf {cloud immunity}
rCorr    .         Harm     .   (no gloves)
MR       .....                  (no boots)
Stlth    ..........             (no amulet)
HPRegen  0.12/turn              (no ring)
MPRegen  0.09/turn              (no ring)

@: no status effects
A: hooves 1, fire resistance 1
a: no special abilities


You were on level 2 of the Dungeon.
You were not hungry.

You visited 1 branch of the dungeon, and saw 2 of its levels.

You collected 95 gold pieces.

Inventory:

Hand Weapons
 a - a +0 war axe (weapon)
Armour
 b - a +0 scale mail (worn)
 c - a +0 shield (worn)
 g - a scarf of cloud immunity (worn)
Scrolls
 e - 2 scrolls of fog {unknown}
 h - a scroll of enchant weapon {unknown}
 i - a scroll of amnesia {unknown}
Potions
 d - a potion of might
 j - a potion of agility {unknown}
 k - 2 potions of curing {unknown}
 l - a potion of degeneration {unknown}
 m - a potion of flight {unknown}
Comestibles
 f - 2 rations
 n - 4 chunks of flesh


   Skills:
 + Level 3.6 Fighting
 + Level 2.3 Axes
 + Level 3.1 Armour
 + Level 0.2 Dodging
 + Level 3.5 Shields


You had 3 spell levels left.
You didn't know any spells.
Your spell library was empty.

Dungeon Overview and Level Annotations

Branches:
Dungeon (2/15)

Altars:
Cheibriados


Innate Abilities, Weirdness & Mutations

You have large cloven feet.
Your flesh is heat resistant. (rF+)


Message History

You slash the gnoll! The gnoll hits you. The gnoll barely misses you.
The gnoll hits you with a +0 flail.
You hit the gnoll.
You kill the gnoll!
You hit the gnoll but do no damage. You block the gnoll's attack.
You closely miss the gnoll. You hit the ball python. The ball python bites you.
The ball python barely misses you. The gnoll hits you with a +0 flail!
* * * LOW HITPOINT WARNING * * *
You block the ball python's attack. x2
You slash the gnoll! You kick the gnoll.
The gnoll is severely wounded.
You hit the ball python.
The ball python bites you but does no damage.
The ball python grabs you. The ball python constricts you.
The ball python loses its grip on you. The gnoll hits you but does no damage.
You hit the gnoll. Your kick misses the gnoll.
The gnoll is almost dead.
You closely miss the adder. The adder bites you but does no damage.
The gnoll hits you with a +0 flail!
You die...

#..########
#..........
#...#######
#.###.##
#.# ##.# #.
#.# # ##.#
#.###..#
#gg@#.#
.....SS##.#
...###g #.#
. #. #.# ..
..# .. ###
#.. #..


You could see 2 gnolls, an adder, a goblin and a ball python.

Vanquished Creatures
  Terence (D:2)
  2 gnolls (D:2)
  3 dart slugs
  A giant cockroach (D:1)
  2 goblins (D:1)
  7 hobgoblins
  4 jackals (D:1)
  3 kobolds (D:1)
  A quokka (D:2)
  6 bats
  2 frilled lizards (D:1)
  3 rats
35 creatures vanquished.

Notes
Turn   | Place    | Note
-------+----------+-------------------------------------------
     0 | D:1      | galech the Demonspawn Fighter began the quest for the Orb.
     0 | D:1      | Reached XP level 1. HP: 18/18 MP: 1/1
    65 | D:1      | Found a snail-covered altar of Cheibriados.
    71 | D:1      | Gained mutation: Your flesh is heat resistant. (rF+)
                  | [demonic ancestry]
    71 | D:1      | Reached XP level 2. HP: 23/24 MP: 2/2
   454 | D:1      | Reached XP level 3. HP: 25/29 MP: 3/3
   917 | D:2      | Noticed Terence
   925 | D:2      | Killed Terence
   925 | D:2      | Gained mutation: You have large cloven feet. [demonic
                  | ancestry]
   925 | D:2      | Reached XP level 4. HP: 23/36 MP: 4/4
   929 | D:2      | Slain by a gnoll

Vault maps used:
D:1:      wander_arrival_fairy_ring, layout_basic, minivault_5,
          cheibriados_altar_1
D:2:      layout_loops_ring, uniq_terence

Skill      XL: |  1  2  3 |
---------------+----------+-----
Shields        | 3 |  3.5
Axes           | 2 |  2.3
Armour         | 3 |  3.1
Fighting       | |  3.6
Dodging        | |  0.2

Action                   |  1- 3 |  4- 6 || total
-------------------------+-------+-------++-------
Melee: Hand axe          |    87 |       ||    87
       War axe           |    23 |     4 ||    27
       Kick              |       |     1 ||     1
  Use: Scroll            |     2 |       ||     2
Armor: Scale mail        |    56 |     3 ||    59
Dodge: Dodged            |    27 |     2 ||    29
Block: Shield            |    60 |     3 ||    63

Table legend:
 A = Non-vault XP
 B = Vault XP
 C = Vault XP percentage of total XP
 D = Non-vault monster count
 E = Vault monster count
 F = Vault count percentage of total count
                 A         B        C        D         E       F
            +---------+---------+-------+---------+---------+-------
      Total |      86 |      38 |  30.6 |      34 |       1 |   2.9
            +---------+---------+-------+---------+---------+-------
        D:1 |      49 |       0 |   0.0 |      27 |       0 |   0.0
        D:2 |      37 |      38 |  50.7 |       7 |       1 |  12.5
            +---------+---------+-------+---------+---------+-------
